 Dungeon Crawl Stone Soup version 0.27.0-1-g7a089689b8 (webtiles) character file.

Game seed: 4797396317587736228

3589 shadowrider38 the Cleaver (level 9, -3/70 HPs)
             Began as a Minotaur Berserker on Aug 4, 2021.
             Was an Elder of Trog.
             Slain by Erica (6 damage)
             ... on level 8 of the Dungeon.
             The game lasted 00:15:15 (9805 turns).

shadowrider38 the Cleaver (Minotaur Berserker)      Turns: 9805, Time: 00:15:15

Health: -3/70      AC: 16    Str: 25    XL:     9   Next: 85%
Magic:  8/8        EV:  8    Int:  4    God:    Trog [****..]
Gold:   301        SH:  0    Dex: 10    Spells: 8/8 levels left

rFire    . . .     SeeInvis .   a - +0 battleaxe
rCold    . . .     Faith    .   (shield currently unavailable)
rNeg     . . .     Spirit   .   w - +0 plate armour
rPois    .         Reflect  .   (helmet restricted)
rElec    .         Harm     .   s - +0 cloak
rCorr    .         Rampage  .   (no gloves)
Will     ++...                  r - +0 pair of boots
Stlth    ..........             (no amulet)
HPRegen  1.21/turn              (no ring)
MPRegen  0.11/turn              (no ring)

@: mighty, strong-willed, on berserk cooldown, regenerating, slowed, very slow
A: horns 2, retaliatory headbutt
a: Renounce Religion, Berserk, Trog's Hand, Brothers in Arms


You were on level 8 of the Dungeon.
You worshipped Trog.
Trog was greatly pleased with you.
You visited 2 branches of the dungeon, and saw 9 of its levels.
You also visited: Bailey.

You collected 301 gold pieces.

Inventory:

Hand Weapons
 a - a +0 battleaxe (weapon)
 z - a +0 war axe
Armour
 r - a +0 pair of boots (worn)
 s - a +0 cloak (worn)
 u - the +2 cloak of the Spheres {Fly Int-4 Slay+5 SInv}
   (You found it in a bailey)

   Int:       It affects your intelligence (-4).
   Slay:      It affects your accuracy & damage with ranged weapons and melee
   (+5).
   SInv:      It lets you see invisible.
   Fly:       It grants you flight.
 w - a +0 plate armour (worn)
Jewellery
 n - an amulet of regeneration
 y - a +6 ring of strength
Wands
 d - a wand of iceblast (13)
 m - a wand of polymorph (5)
 p - a wand of charming (5)
Scrolls
 e - 2 scrolls of blinking {unknown}
 f - 2 scrolls of identify {unknown}
 i - a scroll of fog {unknown}
 l - 5 scrolls of teleportation
 q - a scroll of fear {unknown}
 v - a scroll of immolation {unknown}
 x - a scroll of amnesia {unknown}
Potions
 b - 2 potions of ambrosia {unknown}
 c - 3 potions of attraction {unknown}
 g - 6 potions of flight
 h - 2 potions of heal wounds {unknown}
 j - a potion of curing {unknown}
 k - a potion of lignification {unknown}
 o - 13 potions of degeneration
 t - 2 potions of might


   Skills:
 - Level 3.6 Fighting
 - Level 14.3 Axes
 + Level 8.9 Armour
 - Level 2.1 Dodging


You had 8 spell levels left.
You didn't know any spells.
Your spell library was empty.

Dungeon Overview and Level Annotations

Branches:
Dungeon (8/15)             Temple (1/1) D:4          Bailey (visited)
   Lair: D:8-11

Altars:
Ashenzari
Cheibriados
Dithmenos
Elyvilon
Fedhas
Gozag
Hepliaklqana
Kikubaaqudgha
Makhleb
Nemelex Xobeh
Okawaru
Qazlal
Ru
Sif Muna
Trog
Uskayaw
Vehumet
Wu Jian
Xom
Yredelemnul
Zin
The Shining One

Annotations:
D:7 1 runed translucent door, Crazy Yiuf
D:8 1 runed translucent door, Erica; Thraspic's ghost, novice GnFi


Innate Abilities, Weirdness & Mutations

You have a pair of horns on your head.
You reflexively headbutt those who attack you in melee.


Message History

Something tries to affect you, but you resist.
You bump into the rock wall.
You hear some strange, mumbled words.
A lance of force appears from out of thin air!
The lance of force hits you!
You are knocked back by the lance of force.
You slam into the rock wall!
You hear some strange, mumbled words.
You are more confused.
Your plate armour prevents you from hitting something.
You hear some strange, mumbled words.
A bolt of poison appears from out of thin air!
The bolt of poison misses you.
You barely miss something.
You hear some strange, mumbled words.
A lance of force appears from out of thin air!
The lance of force hits you!
You are knocked back by the lance of force.
You slam into the rock wall!
Something hits you. Something burns you.
Okay, then.
You bump into the rock wall.
Something hits you but does no damage.
You completely miss something. You headbutt something. Something hits you!
* * * LOW HITPOINT WARNING * * *
Something burns you.
* * * LOW HITPOINT WARNING * * *
Something hits you.
* * * LOW HITPOINT WARNING * * *
Something burns you.
* * * LOW HITPOINT WARNING * * *
Okay, then.
It was a potion of might.
You feel very mighty all of a sudden.
You feel less confused. Something hits you!
* * * LOW HITPOINT WARNING * * *
Something burns you.
* * * LOW HITPOINT WARNING * * *
Your skin crawls.
You feel strong-willed. Something hits you.
You die...

# ### #. .. #
#.####.### #.
...#....# #.###.#..#
#. #.....{..#
#...#######...@#.#
#....[..)..####.#
#########..# .#
##....<#..# .# #
#......#..# .# #
#......#..# .# #
#.....##..####.#
#####...............
##....)...#.......##


There were no monsters in sight!

Vanquished Creatures
  Maggie (D:6)
  Prince Ribbit (D:7)
  Sigmund (D:3)
  A steam dragon (D:7)
  4 water moccasins
  3 orc warriors
  An ice beast (D:6)
  A sky beast (D:5)
  2 black bears
  A necrophage (D:4)
  3 ogres (D:4)
  A centaur (D:6)
  3 scorpions
  A water moccasin zombie (D:7)
  A howler monkey (D:4)
  A centaur zombie (D:8)
  5 hounds
  A jelly (D:4)
  2 bullfrog skeletons
  A bullfrog zombie (D:5)
  An orc priest (D:5)
  Ijyb (D:3)
  2 centaur skeletons
  2 iguanas
  10 orc wizards
  Natasha (thrice) (D:4)
  2 killer bee zombies
  7 gnolls
  6 adders
  A shadow imp (D:6)
  2 white imps
  A worm (D:2)
  29 orcs
  4 ball pythons
  4 endoplasms
  4 giant cockroaches
  12 goblins
  5 hobgoblins
  6 jackals (D:2)
  7 kobolds
  5 quokkas
  8 bats
  3 frilled lizards (D:3)
  7 rats
167 creatures vanquished.

Notes
Turn   | Place    | Note
-------+----------+-------------------------------------------
     0 | D:1      | shadowrider38 the Minotaur Berserker began the quest for
                  | the Orb.
     0 | D:1      | Reached XP level 1. HP: 19/19 MP: 0/0
    57 | D:1      | Reached skill level 4 in Axes
   114 | D:1      | Reached XP level 2. HP: 19/26 MP: 1/1
   507 | D:1      | Found a faded altar of an unknown god.
   902 | D:2      | Reached skill level 5 in Axes
  1123 | D:2      | Reached XP level 3. HP: 31/31 MP: 2/2
  1358 | D:2      | Reached ** piety under Trog
  1936 | D:3      | Reached skill level 6 in Axes
  1936 | D:3      | Reached XP level 4. HP: 34/39 MP: 3/3
  2453 | D:3      | Noticed Sigmund
  2466 | D:3      | Killed Sigmund
  2467 | D:3      | Reached skill level 7 in Axes
  2467 | D:3      | Reached XP level 5. HP: 45/45 MP: 4/4
  2737 | D:4      | Noticed a necrophage
  2749 | D:4      | Killed a necrophage
  2750 | D:4      | Reached skill level 8 in Axes
  2750 | D:4      | Reached XP level 6. HP: 44/51 MP: 5/5
  2983 | D:3      | Reached skill level 9 in Axes
  3365 | D:4      | Noticed Ijyb
  3365 | D:4      | Noticed Natasha
  3435 | D:3      | Killed Ijyb
  3517 | D:4      | Reached XP level 7. HP: 51/57 MP: 6/6
  3755 | D:4      | Killed Natasha
  3809 | D:4      | Noticed Natasha
  3815 | D:4      | Killed Natasha
  3816 | D:4      | Reached skill level 10 in Axes
  3834 | D:4      | Noticed Natasha
  3839 | D:4      | Killed Natasha
  3964 | D:3      | Reached *** piety under Trog
  4256 | D:4      | Found a staircase to the Ecumenical Temple.
  4271 | Temple   | Entered the Ecumenical Temple
  4454 | D:5      | Entered Level 5 of the Dungeon
  4541 | D:4      | Reached skill level 11 in Axes
  4763 | D:5      | Reached XP level 8. HP: 50/64 MP: 7/7
  5482 | D:4      | Reached skill level 12 in Axes
  6062 | D:5      | Reached skill level 13 in Axes
  6853 | D:6      | Noticed Maggie
  6865 | D:6      | Killed Maggie
  6866 | D:6      | Reached skill level 14 in Axes
  6866 | D:6      | Reached XP level 9. HP: 70/70 MP: 8/8
  7003 | D:6      | Found a hide-covered altar of Uskayaw.
  7446 | D:7      | Noticed Prince Ribbit
  7570 | D:7      | Killed Prince Ribbit
  7674 | D:7      | Reached skill level 5 in Armour
  7685 | D:7      | Reached **** piety under Trog
  7728 | D:7      | Found a flagged portal.
  7794 | Bailey   | Entered a bailey
  7801 | Bailey   | Noticed an orc knight
  7924 | Bailey   | Noticed an orc knight
  7961 | Bailey   | Noticed an orc knight
  8349 | Bailey   | Identified the +2 cloak of the Spheres {Fly Int-4 Slay+5
                  | SInv}
  9056 | D:7      | Found a runed translucent door.
  9057 | D:7      | Noticed Crazy Yiuf
  9601 | D:8      | Found a runed translucent door.
  9619 | D:8      | Noticed Thraspic's ghost (novice GnFi)
  9788 | D:8      | Noticed Erica
  9804 | D:8      | HP: 2/70 [something (2)]
  9805 | D:8      | Slain by Erica

Illustrated notes

Levels and vault maps discovered:
D:1:      dpeg_arrival_subterranean_lakeside_camping, layout_basic,
          shapermc_ecumenical_altar_mp_urbaneastern, minmay_misc_feat_doors,
          minmay_hedge_maze
D:2:      wander_river, layout_basic
D:3:      layout_loops_ring, uniq_sigmund
D:4:      layout_rooms, minmay_temple_entry_waves, uniq_ijyb, uniq_natasha
D:5:      layout_basic, kennysheep_generic_room_2
D:6:      layout_basic, nicolae_uskayaw_suspiria, uniq_maggie
D:7:      layout_loops_ring, enter_bailey_7, uniq_crazy_yiuf_cottage,
          uniq_prince_ribbit1
D:8:      minmay_statue_hallways, layout_basic, ebering_ghost_reflecting_pool,
          uniq_erica, uniq_pikel
Temple:   grunt_wide_crystal_templ

Skill      XL: |  1  2  3  4  5  6  7  8  9 |
---------------+----------------------------+-----
Axes           | 4 5 6 7 8 9 11 14 | 14.3
Armour         | 8 |  8.9
Fighting       | |  3.6
Dodging        | |  2.1

Action                   |  1- 3 |  4- 6 |  7- 9 || total
-------------------------+-------+-------+-------++-------
Melee: Hand axe          |   123 |    79 |   294 ||   496
       Headbutt          |    17 |     8 |    65 ||    90
       War axe           |       |       |    42 ||    42
       Battleaxe         |       |       |     7 ||     7
Invok: Berserk           |       |     2 |    12 ||    14
       Trog's Hand       |       |       |     1 ||     1
  Use: Potion            |       |       |     2 ||     2
       Scroll            |       |       |     1 ||     1
Armor: Animal skin       |    13 |       |       ||    13
       Chain mail        |    64 |    41 |   216 ||   321
       Plate armour      |       |       |    18 ||    18
Dodge: Dodged            |    53 |    24 |   247 ||   324
